 Dungeon Crawl Stone Soup version 0.27-a0-1325-g58a489ad9e (webtiles) character file.

Game seed: 14882629404535724933

109 siradein the Slasher (level 4, 0/28 HPs)
             Began as a Gargoyle Fighter on June 25, 2021.
             Slain by an orc wizard (4 damage)
             ... on level 3 of the Dungeon.
             The game lasted 00:04:43 (2574 turns).

siradein the Slasher (Gargoyle Fighter)             Turns: 2574, Time: 00:04:44

Health: 0/28       AC: 15    Str: 20    XL:     4   Next: 90%
Magic:  4/4        EV:  5    Int:  9    God:
Gold:   61         SH:  9    Dex:  9    Spells: 3/3 levels left

rFire    . . .     SeeInvis .   a - +0 long sword
rCold    . . .     Faith    .   c - +0 kite shield
rNeg     + . .     Spirit   .   n - +0 chain mail
rPois    ∞         Reflect  .   j - +0 helmet
rElec    +         Harm     .   (no cloak)
rCorr    .         Rampage  .   p - +0 pair of gloves
Will     .....                  (no boots)
Stlth    ..........             (no amulet)
HPRegen  0.09/turn              (no ring)
MPRegen  0.09/turn              (no ring)

@: no status effects
A: sickness immunity, AC +3, negative energy resistance 1, electricity
resistance, torment resistance 1, petrification resistance
a: no special abilities


You were on level 3 of the Dungeon.
You visited 1 branch of the dungeon, and saw 3 of its levels.

You collected 61 gold pieces.

Inventory:

Hand Weapons
 a - a +0 long sword (weapon)
Missiles
 h - 15 poisoned darts (quivered)
Armour
 c - a +0 kite shield (worn)
 j - a +0 helmet (worn)
 n - a +0 chain mail (worn)
 p - a +0 pair of gloves (worn)
Wands
 b - a wand of flame (25)
Scrolls
 e - 2 scrolls of identify {unknown}
 f - a scroll of fear {unknown}
 i - a scroll of silence {unknown}
 k - a scroll of enchant weapon {unknown}
 m - a scroll of immolation {unknown}
Potions
 d - 2 potions of might
 g - a potion of brilliance {unknown}
 l - a potion of degeneration {unknown}
 o - a potion of curing {unknown}


   Skills:
 - Level 3.2 Fighting
 + Level 4.4 Long Blades
 - Level 3.2 Armour
 - Level 3.2 Shields


You had 3 spell levels left.
You didn't know any spells.
Your spell library contained the following spells:

 Spells                   Type           Power      Damage    Failure   Level
 Freeze                   Ice            0%         1d3       100%        1
 Frozen Ramparts          Ice            0%         1d2       100%        3
 Ozocubu's Armour         Ice            0%         N/A       100%        3
 Hailstorm                Conj/Ice       0%         3d3       100%        4
 Metabolic Englaciation   Hex/Ice        0%         N/A       100%        5


Dungeon Overview and Level Annotations

Branches:
Dungeon (3/15)

Altars:

Shops:
D:1 [


Innate Abilities, Weirdness & Mutations

You are immune to sickness and miasma.
Your stone body is resilient. (AC +3)
You are immune to poison.
You resist negative energy. (rN+)
You are resistant to electric shocks. (rElec)
You are resistant to unholy torment.
You are immune to petrification.


Message History

An endoplasm comes into view.
You closely miss the orc wizard. The orc wizard barely misses you.
The orc priest invokes the aid of Beogh against you.
Beogh smites you!
You hit the orc wizard.
The orc wizard is moderately wounded.
You block the orc wizard's attack. The orc wizard barely misses you.
The orc priest hits you but does no damage.
You slash the orc wizard!
The orc wizard is severely wounded.
The orc wizard hits you but does no damage.
You block the orc priest's attack.
You closely miss the orc wizard.
The orc wizard is severely wounded.
You block the orc wizard's attack. You block the orc priest's attack.
The orc wizard hits you but does no damage.
You closely miss the orc wizard.
The orc wizard is severely wounded.
A bat comes into view.
You block the orc priest's attack. The orc wizard barely misses you.
You riposte.
Your shield prevents you from hitting the orc wizard.
The orc wizard is severely wounded.
The orc priest hits you but does no damage.
The bat moves out of view.
You hit the orc priest but do no damage.
The orc wizard hits you but does no damage.
The orc priest begins to cast a cantrip, but forgets the words!
You barely miss the orc priest.
The orc wizard hits you but does no damage.
You block the orc priest's attack.
The orc wizard hits you but does no damage.
The orc priest mumbles some strange prayers to Beogh against you.
Beogh smites you!
* * * LOW HITPOINT WARNING * * *
You barely miss the orc priest. You block the orc wizard's attack.
The orc priest hits you but does no damage.
You hit the orc priest but do no damage.
The orc wizard hits you with a +0 war axe.
You die...

.......#......# ...
.......##.##.##....
.......#......#...
.......###..###..####
......##......##....
###.#####.##.##).# #.
....##....
#.#...###....
.......###
#....oooJo...
######## ###..@#####
# ###..).# # ####.# #
# # ## .## ..#
#.#####


You could see an orc priest, an orc wizard, 2 orcs and an endoplasm.

Vanquished Creatures
  3 gnolls (D:3)
  An adder (D:2)
  A worm (D:2)
  3 dart slugs
  An orc (D:3)
  A bat (D:1)
  5 endoplasms
  6 goblins
  7 hobgoblins
  2 jackals (D:2)
  2 quokkas
  7 ball pythons
  2 frilled lizards (D:2)
  10 kobolds
  7 rats
58 creatures vanquished.

Notes
Turn   | Place    | Note
-------+----------+-------------------------------------------
     0 | D:1      | siradein the Gargoyle Fighter began the quest for the Orb.
     0 | D:1      | Reached XP level 1. HP: 14/14 MP: 1/1
    37 | D:1      | Reached skill level 2 in Long Blades
   199 | D:1      | Reached XP level 2. HP: 19/19 MP: 2/2
   279 | D:1      | Found a faded altar of an unknown god.
   280 | D:1      | Noticed a floating eye
   285 | D:1      | Noticed a floating eye
   307 | D:1      | Noticed a shining eye
   307 | D:1      | Noticed an eye of devastation
   518 | D:1      | Found Pomuec's Armour Boutique.
   586 | D:1      | Reached skill level 3 in Long Blades
   695 | D:1      | Reached XP level 3. HP: 23/23 MP: 3/3
  1647 | D:2      | Reached XP level 4. HP: 27/28 MP: 4/4
  1886 | D:2      | Reached skill level 4 in Long Blades
  2574 | D:3      | Slain by an orc wizard

Illustrated notes

Levels and vault maps discovered:
D:1:      dpeg_arrival_signposts, layout_rooms, serial_shops,
          nicolae_shop_crystal, hellmonk_ecumenical_altar_watching_god,
          minmay_misc_feat_ornament, st_stairs_14, minmay_pentomino_u2
D:2:      layout_basic, grunt_ministairs_15, due_unseen_surprise
D:3:      layout_rooms, minmay_misc_feat_alley

Skill      XL: |  1  2  3  4 |
---------------+-------------+-----
Long Blades    | 2 3 4 |  4.4
Fighting       | |  3.2
Armour         | |  3.2
Shields        | |  3.2

Action                   |  1- 3 |  4- 6 || total
-------------------------+-------+-------++-------
Melee: Long sword        |   136 |    71 ||   207
Armor: Scale mail        |    68 |    27 ||    95
       Chain mail        |       |    28 ||    28
Dodge: Dodged            |    48 |    29 ||    77
Block: Kite shield       |    83 |    42 ||   125
       Rpst.: Long sword |    18 |     9 ||    27

Table legend: (Time is in decaauts)
 A = Elapsed time spent in this place.
 B = Non-inter-level travel time spent in this place.
 C = Inter-level travel time spent in this place.
 D = Time resting spent in this place.
 E = Time spent auto-exploring this place.
 F = Levels seen in this place.
 G = Mean time per level.
                   A        B        C        D        E       F      G
               +--------+--------+--------+--------+--------+-----+--------+
         Total |   2668 |   2634 |     34 |      6 |   2124 |   3 |  889.3 |
       Dungeon |   2668 |   2634 |     34 |      6 |   2124 |   3 |  889.3 |
               +--------+--------+--------+--------+--------+-----+--------+

Top non-repeatable levels by time:
     D:1: 1307 daAuts
     D:2: 965 daAuts
     D:3: 395 daAuts
